 Dungeon Crawl Stone Soup version 0.31-a0-234-gad7ace16ef (webtiles) character file.

Game seed: 8962436687823544927

51 qw the Shooter (level 3, -3/21 HPs)
             Began as a Gargoyle Hexslinger on July 9, 2023.
             Shot with an arrow by a centaur (4 damage)
             ... on level 3 of the Dungeon.
             The game lasted 00:00:29 (1477 turns).

qw the Shooter (Gargoyle Hexslinger)                Turns: 1477, Time: 00:00:30

Health: -3/21      AC:  6    Str: 11    XL:     3   Next: 81%
Magic:  4/4        EV: 11    Int: 13    God:
Gold:   24         SH:  0    Dex: 14    Spells: 3/4 levels left

rFire   . . .        Y - +1 sling
rCold   . . .        (no shield)
rNeg    + . .        d - +0 leather armour
rPois   inf          (no helmet)
rElec   +            (no cloak)
rCorr   .            (no gloves)
SInv    .            (no boots)
Will    .....        (no amulet)
Stlth   +            f - +4 ring of slaying {mikee}
HPRegen 0.23/turn    (no ring)
MPRegen 0.09/turn

%: no passive effects
@: no status effects
A: sickness immunity, AC +3, negative energy resistance 1, electricity
resistance, torment resistance 1, petrification resistance
a: no special abilities


You were on level 3 of the Dungeon.
You visited 1 branch of the dungeon, and saw 3 of its levels.

You collected 75 gold pieces.
You spent 51 gold pieces at shops.


Innate Abilities, Weirdness & Mutations

You are immune to sickness and miasma.
Your stone body is resilient. (AC +3)
You are immune to poison.
You resist negative energy. (rN+)
You are resistant to electric shocks. (rElec)
You are resistant to unholy torment.
You are immune to petrification.


   Skills:
 - Level 2.0 Fighting
 + Level 3.6 Ranged Weapons
 - Level 1.5 Dodging
 - Level 1.0 Spellcasting
 - Level 2.6 Hexes


You had 3 spell levels left.
You knew the following spells:

 Your Spells              Type           Power      Damage    Failure   Level
a - Slow                  Hex            28%        N/A       12%         1

Your spell library contained the following spells:

 Spells                   Type           Power      Damage    Failure   Level
 Inner Flame              Hex/Fire       4%         N/A       54%         3
 Portal Projectile        Hex/Tloc       8%         N/A       54%         3
 Cause Fear               Hex            3%         N/A       77%         4

Inventory:

Hand Weapons
 Y - a +1 sling (weapon)
Armour
 b - a +0 ring mail
 d - a +0 leather armour (worn)
Jewellery
 f - a +4 ring of slaying (left hand) {mikee}
Scrolls
 a - a scroll of identify
 e - a scroll of blinking {unknown}
Potions
 c - a potion of attraction {unknown}
 g - a potion of curing

Dungeon Overview and Level Annotations

Branches:
Dungeon (3/15)

Altars:
Ru

Shops:
D:2 [   D:3 *


Message History

Found an escape hatch in the ceiling.
There is an entrance to Ustroad's Assorted Antiques here.
1441 ||| SHOPLISTING blackened silver wand (108 gold, have 67).
You can access your shopping list by pressing '$'.
1441 ||| SHOPLISTING jewelled lead wand (108 gold, have 67).
You can access your shopping list by pressing '$'.
1441 ||| BUYING puce potion (24 gold).
c - a puce potion Thank you for shopping at Ustroad's Assorted Antiques!
You can access your shopping list by pressing '$'.
1441 ||| SHOPLISTING scorched sling (175 gold, have 43).
You can access your shopping list by pressing '$'.
1441 ||| BUYING scroll labelled KELOLI TAUSEO (27 gold).
e - a scroll labelled KELOLI TAUSEO Thank you for shopping at Ustroad's Assorted Antiques!
You can access your shopping list by pressing '$'.
1441 ||| SHOPLISTING scroll of identify (54 gold, have 16).
You can access your shopping list by pressing '$'.
1441 ||| SHOPLISTING shortbow (81 gold, have 16).
You can access your shopping list by pressing '$'.
You now have 24 gold pieces (gained 8).
You open the door.
There is an open door here.
A centaur comes into view.
The centaur shouts!
The centaur wields a +0 orcbow.
The centaur shoots an arrow.
The arrow hits you!
The centaur shoots an arrow.
The arrow hits you!
Ouch! That really hurt!
Enter note:
Enter note: You shoot a sling bullet.
The sling bullet hits the centaur.
The centaur is lightly wounded.
A goblin comes into view. It is wielding a +0 dagger.
The centaur shoots an arrow.
The arrow barely misses you.
You shoot a sling bullet. The goblin shouts!
The sling bullet hits the centaur.
The centaur is moderately wounded.
The centaur shoots an arrow.
The arrow hits you.
You die...

#.. #.# ..#....
##.#.########.#...
gc.....@....#.#...
##..#######.#.#..
#.#.#.########
###.#'#.........
##...............
+..................
####.......#######.
#.......# #.
###+###.# #.


You could see a centaur and a goblin.

Vanquished Creatures
  An adder (D:3)
  2 ball pythons
  5 endoplasms
  A giant cockroach (D:2)
  4 goblins
  3 hobgoblins
  2 jackals (D:1)
  2 kobolds (D:1)
  4 quokkas
  5 bats
  A frilled lizard (D:2)
  7 rats
37 creatures vanquished.

Notes
Turn   | Place    | Note
-------+----------+-------------------------------------------
     0 | D:1      | qw the Gargoyle Hexslinger began the quest for the Orb.
     0 | D:1      | Reached XP level 1. HP: 12/12 MP: 2/2
     0 | D:1      | 0 ||| qw: Version: 0.3-a-51-g015441d
     0 | D:1      | 0 ||| qw: Game counter: 4048
     0 | D:1      | 0 ||| qw: Melee chars always use a shield: true
     0 | D:1      | 0 ||| qw: God list: Okawaru
     0 | D:1      | 0 ||| qw: Allow faded altars: false
     0 | D:1      | 0 ||| qw: Do Orc after clearing Dungeon:15 true
     0 | D:1      | 0 ||| qw: Do second Lair branch before Depths: true
     0 | D:1      | 0 ||| qw: Lair rune preference: random
     0 | D:1      | 0 ||| qw: Goals: Normal
     0 | D:1      | 0 ||| PLANNING D:1-11
   135 | D:1      | Reached XP level 2. HP: 16/16 MP: 3/3
   295 | D:1      | Reached skill level 3 in Ranged Weapons
   606 | D:1      | 606 ||| UPGRADING to +0 leather armour.
   616 | D:1      | 616 ||| DROPPING +0 robe.
   617 | D:1      | 617 ||| UPGRADING to +4 ring of slaying {mikee}.
   618 | D:1      | 618 ||| READING 2 scrolls labelled GAMIDO WUMEFFY.
   619 | D:1      | 619 ||| READING scroll labelled FUONTEOMM.
   620 | D:1      | 620 ||| DROPPING scroll of poison.
   679 | D:2      | Found Sieptid's Armour Shoppe.
   691 | D:2      | 691 ||| SHOPLISTING scarf of resistance (320 gold, have
                  | 27).
   698 | D:2      | Found a sacrificial altar of Ru.
   752 | D:2      | Reached XP level 3. HP: 21/21 MP: 4/4
  1305 | D:2      | 1305 ||| READING scroll labelled CUIWYCS JOBA.
  1306 | D:2      | 1306 ||| DRINKING 2 viscous purple potions.
  1310 | D:2      | 1310 ||| DRINKING 2 clear potions.
  1311 | D:2      | 1311 ||| READING 2 scrolls of identify.
  1311 | D:2      | 1311 ||| IDENTIFYING sedimented red potion
  1312 | D:2      | 1312 ||| DROPPING potion of magic.
  1313 | D:2      | 1313 ||| DROPPING potion of ambrosia.
  1426 | D:3      | Found Ustroad's Assorted Antiques.
  1441 | D:3      | 1441 ||| SHOPLISTING blackened silver wand (108 gold, have
                  | 67).
  1441 | D:3      | 1441 ||| SHOPLISTING jewelled lead wand (108 gold, have
                  | 67).
  1441 | D:3      | 1441 ||| BUYING puce potion (24 gold).
  1441 | D:3      | Bought a puce potion for 24 gold pieces
  1441 | D:3      | 1441 ||| SHOPLISTING scorched sling (175 gold, have 43).
  1441 | D:3      | 1441 ||| BUYING scroll labelled KELOLI TAUSEO (27 gold).
  1441 | D:3      | Bought a scroll labelled KELOLI TAUSEO for 27 gold pieces
  1441 | D:3      | 1441 ||| SHOPLISTING scroll of identify (54 gold, have 16).
  1441 | D:3      | 1441 ||| SHOPLISTING shortbow (81 gold, have 16).
  1475 | D:3      | Noticed a centaur
  1475 | D:3      | HP: 1/21 [centaur/arrow (13)]
  1477 | D:3      | Shot with an arrow by a centaur

Levels and vault maps discovered:
D:1:      lightli_iron_boxes, layout_loops_ring
D:2:      layout_basic, serial_shops, shop, basic_altar
D:3:      minmay_recursive_quarters, layout_basic, serial_shops,
          nicolae_shop_statue_plus, kennysheep_another_room, uniq_terence,
          uniq_grinder

Skill      XL: |  1  2 |
---------------+-------+-----
Ranged Weapons | 3 |  3.6
Fighting       | 2 |  2.0
Dodging        | |  1.5
Spellcasting   | |  1.0
Hexes          | |  2.6

Action                     || total
---------------------------++-------
   Fire: Sling             ||    97
    Use: Scroll            ||     4
         Potion            ||     2
 Armour: Robe              ||     6
         Leather armour    ||     3
  Dodge: Dodged            ||    29

Table legend:
 A = Non-vault XP
 B = Vault XP
 C = Vault XP percentage of total XP
 D = Non-vault monster count
 E = Vault monster count
 F = Vault count percentage of total count
                 A         B        C        D         E       F
            +---------+---------+-------+---------+---------+-------
      Total |      73 |       0 |   0.0 |      37 |       0 |   0.0
            +---------+---------+-------+---------+---------+-------
        D:1 |      21 |       0 |   0.0 |      13 |       0 |   0.0
        D:2 |      32 |       0 |   0.0 |      19 |       0 |   0.0
        D:3 |      20 |       0 |   0.0 |       5 |       0 |   0.0
            +---------+---------+-------+---------+---------+-------
